 Dungeon Crawl Stone Soup version 0.18-a0-1120-g03bd624 (webtiles) character file.

68 root the Shield-Bearer (level 4, 0/36 HPs)
             Began as a Formicid Fighter on Jan 17, 2016.
             Succumbed to a worker ant's poison
             ... on level 7 of the Dungeon.
             The game lasted 00:07:27 (956 turns).

root the Shield-Bearer (Formicid Fighter)            Turns: 956, Time: 00:07:27

Health: 0/36       AC:  7    Str: 21    XL:     4   Next: 41%
Magic:  4/4        EV:  8    Int: 12    God:
Gold:   58         SH:  9    Dex: 11    Spells: 0 memorised, 3 levels left

rFire  . . .     SeeInvis +     a - +0 quarterstaff
rCold  . . .     Gourm    .     b - +0 scale mail
rNeg   . . .     Faith    .     c - +0 shield
rPois  .         Spirit   .     (helmet unavailable)
rElec  .         Dismiss  .     (no cloak)
rCorr  .         Reflect  .     (no gloves)
SustAt .         Harm     .     (no boots)
MR     .....                    (no amulet)
Stlth  ..........               (no ring)
                                (no ring)

@: brilliant, lethally poisoned (0 -> -1), not resistant to hostile
enchantments, extremely unstealthy
A: permanent stasis, dig shafts and tunnels, four strong arms, antennae 3
a: Dig, Shaft Self


You were on level 7 of the Dungeon.
You were hungry.

You visited 1 branch of the dungeon, and saw 5 of its levels.

You collected 58 gold pieces.

Inventory:

Hand Weapons
 a - a +0 quarterstaff (weapon)
Missiles
 e - 7 tomahawks (quivered)
Armour
 b - a +0 scale mail (worn)
 c - a +0 shield (worn)
 g - a +0 cloak
Wands
 t - a wand of polymorph (11/24)
Scrolls
 i - 8 scrolls of identify {unknown}
 k - a scroll of immolation {unknown}
 m - 2 scrolls of remove curse {unknown}
 p - 2 scrolls of teleportation {unknown}
 r - a scroll of magic mapping {unknown}
Potions
 d - 2 potions of might
 h - a potion of brilliance
 j - a potion of curing {unknown}
 n - a potion of agility {unknown}
 o - a potion of beneficial mutation {unknown}
Books
 l - a book of Fire

   Spells                             Type                      Level
   a - Ignite Poison                  Fire/Transmutation/Poison    3
   b - Fireball                       Conjuration/Fire             5
   c - Bolt of Fire                   Conjuration/Fire             6
   d - Delayed Fireball               Conjuration/Fire             7
   e - Ring of Flames                 Charms/Fire                  7
Comestibles
 f - 3 bread rations
 q - 2 fruits
 s - 3 chunks of flesh


   Skills:
 + Level 3.6 Fighting
 * Level 2.6 Staves
 + Level 3.8 Armour
 + Level 0.5 Dodging
 + Level 4.4 Shields


You had 3 spell levels left.
You didn't know any spells.

Dungeon Overview and Level Annotations

Branches:
Dungeon (4/15)
 Temple: D:4-7

Altars:
Ashenzari
Dithmenos

Annotations:
D:4 Chiseanne's ghost, amateur CeAE


Innate Abilities, Weirdness & Mutations

You are under a permanent stasis effect.
You can dig through walls and to a lower floor.
Your four strong arms can wield two-handed weapons with a shield.
You have a pair of large antennae on your head (SInv).


Message History

You feel sick.
Chiseanne's ghost gestures at you while chanting.
The zap hits you!
* * * LOW HITPOINT WARNING * * *
You extend your mandibles.
Unknown command.
Are you sure you want to shaft yourself?
You are feeling hungry.
Chiseanne's ghost casts a spell at you. The zap hits you!
* * * LOW HITPOINT WARNING * * *
You begin to dig a shaft.
You continue digging a shaft.
Chiseanne's ghost shouts, "You will never get the ORB!"
A shaft appears beneath you!
You fall through a shaft for 3 floors!
The shaft crumbles and collapses.
Drink which item? (? for menu, Esc to quit)
It was a potion of brilliance.
You feel clever all of a sudden.
You die...

##.....##
#.......
#.......
.#.......
..#.....#
........##
#.......###
#.....@...#
#.......#.#
##.....##
##...##
####


There were no monsters in sight!

Vanquished Creatures
  A worker ant (D:4)
  An adder (D:4)
  3 worms
  A giant gecko (D:4)
  2 orcs (D:3)
  2 bats
  A giant cockroach (D:3)
  3 goblins
  3 hobgoblins
  2 kobolds (D:3)
  6 rats
25 creatures vanquished.

Notes
Turn   | Place    | Note
--------------------------------------------------------------
     0 | D:1      | root the Formicid Fighter began the quest for the Orb.
     0 | D:1      | Reached XP level 1. HP: 18/18 MP: 1/1
    89 | D:3      | Noticed a phantom
   114 | D:2      | Reached XP level 2. HP: 12/24 MP: 2/2
   299 | D:3      | Found a shattered altar of Ashenzari.
   421 | D:3      | Reached skill level 4 in Shields
   438 | D:3      | Reached XP level 3. HP: 18/29 MP: 3/3
   543 | D:4      | Noticed Chiseanne's ghost (amateur CeAE)
   859 | D:4      | Found a shadowy altar of Dithmenos.
   930 | D:4      | Reached XP level 4. HP: 24/36 MP: 4/4
   953 | D:4      | HP: 1/36 [Chiseanne's ghost/zap (7)]
   955 | D:4      | You fall through a shaft for 3 floors!
   956 | D:7      | Succumbed to a worker ant's poison

Vault maps used:
D:1:      scummos_arrival_hexagon, kennysheep_boxes
D:2:      gammafunk_temple_overflow_claw
D:3:      ashenzari_altar_1, first_bread
D:4:      lemuel_round_altar, minmay_temple_entry_butterflies
D:7:      serial_corexii_hall, corexii_hall_statues_deadend,
          corexii_hall_statues_l

Action                   |  1- 3 |  4- 6 || total
-------------------------+-------+-------++-------
Melee: Quarterstaff      |    88 |       ||    88
 Abil: Dig               |       |     1 ||     1
       Shaft Self        |       |     1 ||     1
  Use: Potion            |       |     1 ||     1
